 Dungeon Crawl Stone Soup version 0.24.0-123-gd5b16e6ec5 (webtiles) character file.

Game seed: 17995027857683697007, levelgen mode: deterministic

1557 Norian the Thaumaturge (level 8, -3/41 HPs)
             Began as a Deep Elf Conjurer on Dec 20, 2019.
             Slain by a slime creature (10 damage)
             ... on level 6 of the Dungeon.
             The game lasted 00:12:21 (6309 turns).

Norian the Thaumaturge (Deep Elf Conjurer)          Turns: 6309, Time: 00:12:22

Health: -3/41      AC:  7    Str:  7    XL:     8   Next: 58%
Magic:  1/23       EV: 13    Int: 21    God:
Gold:   247        SH:  0    Dex: 15    Spells: 17/26 levels left

rFire    . . .     SeeInvis .   i - +1 spear (venom)
rCold    . . .     Gourm    .   (no shield)
rNeg     . . .     Faith    .   a - +0 robe
rPois    .         Spirit   .   z - +0 helmet
rElec    .         Reflect  .   q - +0 cloak
rCorr    .         Harm     .   (no gloves)
MR       .....                  u - +2 pair of boots
Stlth    ++........             (no amulet)
HPRegen  0.13/turn              (no ring)
MPRegen  0.18/turn              (no ring)

@: no status effects
A: no striking features
a: no special abilities


You were on level 6 of the Dungeon.
You were not hungry.

You visited 2 branches of the dungeon, and saw 7 of its levels.

You collected 247 gold pieces.

Inventory:

Hand Weapons
 i - a +1 spear of venom (weapon)
Armour
 a - a +0 robe (worn)
 b - a +0 shield
 q - a +0 cloak (worn)
 t - a cursed +0 ring mail
 u - a +2 pair of boots (worn)
 z - a +0 helmet (worn)
Jewellery
 j - an uncursed ring of protection from magic {unknown}
Scrolls
 d - 4 scrolls of amnesia {unknown}
 e - 7 scrolls of identify {unknown}
 k - 3 scrolls of remove curse {unknown}
 l - 2 scrolls of magic mapping {unknown}
 m - a scroll of enchant weapon {unknown}
 n - a scroll of noise {unknown}
 r - 2 scrolls of blinking {unknown}
 w - a scroll of teleportation {unknown}
 y - a scroll of random uselessness {unknown}
Potions
 f - 2 potions of invisibility {unknown}
 g - 2 potions of curing
 h - a potion of might {unknown}
 o - a potion of degeneration {unknown}
 p - a potion of haste
 s - a potion of brilliance {unknown}
 v - a potion of flight {unknown}
 x - a potion of heal wounds {unknown}
Comestibles
 c - 13 rations


   Skills:
 - Level 2.4 Dodging
 - Level 2.4 Stealth
 + Level 9.7 Spellcasting
 + Level 9.0 Conjurations
 - Level 5.0 Hexes


You had 17 spell levels left.
You knew the following spells:

 Your Spells              Type           Power        Failure   Level  Hunger
a - Magic Dart            Conj           ####         1%          1    None
b - Iskenderun's Mystic   Conj           #####...     1%          4    ##.....
c - Fulminant Prism       Conj/Hex       #####.....   3%          4    ##.....

Your spell library contained the following spells:

 Spells                   Type           Power        Failure   Level  Hunger
 Searing Ray              Conj           #####.       1%          2    None
 Dazzling Spray           Conj/Hex       #####.       1%          3    None
 Force Lance              Conj/Tloc      ####....     11%         4    ##.....


Dungeon Overview and Level Annotations

Branches:
Dungeon (6/15)             Temple (1/1) D:6

Altars:
Ashenzari
Cheibriados
Dithmenos
Elyvilon
Fedhas
Gozag
Kikubaaqudgha
Nemelex Xobeh
Okawaru
Qazlal
Ru
Sif Muna
Xom
Yredelemnul
Zin
The Shining One

Shops:
D:4 [*


Message History

Casting: Magic Dart (safe; 1% risk of failure)
Confirm with . or Enter, or press ? or * to list all spells.
Aiming: Magic Dart (safe; 1% risk of failure)
Press: ? - help, Shift-Dir - straight line, f/p - slime creature
Aim: a slime creature (moderately wounded)
The magic dart hits the slime creature.
The slime creature is moderately wounded.
The slime creature hits you!
* * * LOW HITPOINT WARNING * * *
Casting: Magic Dart (safe; 1% risk of failure)
Confirm with . or Enter, or press ? or * to list all spells.
Aiming: Magic Dart (safe; 1% risk of failure)
Press: ? - help, Shift-Dir - straight line, f/p - slime creature
Aim: a slime creature (moderately wounded)
The magic dart hits the slime creature.
The slime creature is heavily wounded.
The slime creature hits you!
* * * LOW HITPOINT WARNING * * *
It was a potion of curing.
You feel better. The slime creature hits you!
You die...

#### ########.# ...
########..÷÷..##.# ...
.....##'.....÷##.# ###
.....#.#.*..J.##.# #
.....#.#.P.PP.##.# #
.....#.#.J..÷J##.#
...#'#.#P...PP##.###### ######
...#(#.#J÷.J..##J#....###....####
...#.#.#..÷.P.##@'...............
#####.##J...J/##.#...........####
### #.............##..
#######............####
#..................#
#......#####.#'########
#........# #.###.......
#####...####'######<###
#...###.^^## #.#


You could see a slime creature.

Vanquished Creatures
  A slime creature (D:6)
  Sigmund (D:3)
  A phantom (D:5)
  3 ogres
  2 big kobolds (D:6)
  A bullfrog (D:6)
  A bullfrog skeleton (D:5)
  Crazy Yiuf (D:3)
  An orc priest (D:4)
  2 jellies
  An iguana (D:4)
  4 worker ants
  2 orc wizards (D:3)
  2 hound skeletons (D:4)
  A worker ant zombie (D:5)
  12 gnolls
  4 adders
  5 oozes
  An adder skeleton (D:4)
  A worm (D:2)
  3 dart slugs
  3 leopard geckos
  22 orcs
  4 giant cockroaches
  4 goblins
  11 hobgoblins
  3 jackals (D:3)
  11 kobolds
  5 quokkas
  6 bats
  6 frilled lizards
  8 rats
  A spectral orc (D:6)
  2 plants (D:4)
136 creatures vanquished.

Vanquished Creatures (others)
  16 fulminant prisms
  2 fungi (D:6)
  10 toadstools (D:6)
28 creatures vanquished.

Grand Total: 164 creatures vanquished

Notes
Turn   | Place    | Note
-------+----------+-------------------------------------------
     0 | D:1      | Norian the Deep Elf Conjurer began the quest for the Orb.
     0 | D:1      | Reached XP level 1. HP: 10/10 MP: 6/6
   243 | D:1      | Reached XP level 2. HP: 15/15 MP: 4/8
   907 | D:2      | Reached skill level 5 in Conjurations
   907 | D:2      | Reached XP level 3. HP: 19/19 MP: 5/10
  1385 | D:2      | Reached XP level 4. HP: 24/24 MP: 8/12
  1391 | D:2      | Learned a level 4 spell: Iskenderun's Mystic Blast
  1396 | D:2      | Learned a level 4 spell: Fulminant Prism
  1510 | D:2      | Reached skill level 1 in Hexes
  1743 | D:3      | Noticed an ogre
  1760 | D:3      | Killed an ogre
  1760 | D:3      | Reached skill level 5 in Spellcasting
  1760 | D:3      | Reached XP level 5. HP: 10/28 MP: 11/14
  2181 | D:3      | Found an opulent altar of Gozag.
  2401 | D:3      | Found a sparkling altar of Nemelex Xobeh.
  2901 | D:3      | Found a runed translucent door.
  2902 | D:3      | Noticed Crazy Yiuf
  2954 | D:3      | Noticed Sigmund
  2958 | D:3      | Killed Sigmund
  2958 | D:3      | Reached XP level 6. HP: 25/32 MP: 2/17
  3245 | D:3      | Killed Crazy Yiuf
  3617 | D:4      | Reached XP level 7. HP: 36/36 MP: 14/19
  3649 | D:4      | Found Momm's Assorted Antiques.
  3925 | D:4      | Found Faetunk's Antique Armour Boutique.
  4118 | D:4      | Reached skill level 5 in Hexes
  4535 | D:5      | Entered Level 5 of the Dungeon
  4679 | D:5      | Found a sacrificial altar of Ru.
  4682 | D:5      | Found a shadowy altar of Dithmenos.
  4685 | D:5      | Found a shattered altar of Ashenzari.
  4699 | D:5      | Found an ancient bone altar of Kikubaaqudgha.
  5422 | D:5      | Reached XP level 8. HP: 41/41 MP: 2/22
  5813 | D:6      | Found a staircase to the Ecumenical Temple.
  5828 | Temple   | Entered the Ecumenical Temple
  5996 | D:6      | Found a basalt altar of Yredelemnul.
  6119 | D:6      | Noticed a slime creature
  6119 | D:6      | Noticed a slime creature
  6131 | D:6      | Killed a slime creature
  6306 | D:6      | HP: 2/41 [slime creature (10)]
  6309 | D:6      | Slain by a slime creature

Levels and vault maps discovered:
D:1:      wander_arrival_fairy_ring, layout_loops_corners
D:2:      layout_basic
D:3:      layout_loops_corners, nicolae_gozag_cash_rules_everything_around_me,
          minmay_misc_feat_plants, nemelex_lonely_heart_becter, uniq_sigmund,
          uniq_crazy_yiuf_cottage
D:4:      minmay_evil_eye, layout_rooms, serial_shops, shop,
          nicolae_shop_overgrown_old_shop, first_ration, serial_curves,
          eino_curves_03, eino_curves_03
D:5:      layout_loops_corners, grunt_temple_overflow_cloverleaf,
          chequers_decorated_corner
D:6:      cheibrodos_fertilizer, layout_basic,
          grunt_temple_overflow_lords_of_destruction,
          yredelemnul_forgotten_temple_becter, lemuel_coloured_pillars_altar,
          nemelex_xobeh_ov_fountains_minmay, minmay_temple_entry_glass,
          hangedman_decor_diamond_cutter
Temple:   dpeg_three_leaves_temple

Skill      XL: |  1  2  3  4  5  6  7  8 |
---------------+-------------------------+-----
Spellcasting   | 4 5 6 8 9 |  9.7
Conjurations   | 5 6 7 9 |  9.0
Hexes          | 2 4 5 |  5.0
Dodging        | |  2.4
Stealth        | |  2.4

Action                   |  1- 3 |  4- 6 |  7- 9 || total
-------------------------+-------+-------+-------++-------
Melee: Spear             |       |    14 |    17 ||    31
 Cast: Magic Dart        |    64 |    70 |   117 ||   251
       Fulminant Prism   |       |     4 |    12 ||    16
       Iskenderun's Myst |       |     5 |    14 ||    19
  Use: Potion            |       |       |     1 ||     1
  Eat: Chunk             |     1 |     8 |     7 ||    16
       Ration            |       |       |     1 ||     1
Armor: Robe              |     1 |       |     4 ||     5
Dodge: Dodged            |     4 |    21 |    32 ||    57
